 Dungeon Crawl Stone Soup version 0.21-a0-241-g2cbab09 (webtiles) character file.

70 Chiseanne the Ducker (level 4, 0/24 HPs)
             Began as a Spriggan Monk on Sept 3, 2017.
             Slain by a gnoll
             ... wielding a +1 spear of flaming
              (4 damage)
             ... on level 2 of the Dungeon.
             The game lasted 00:04:03 (2929 turns).

Chiseanne the Ducker (Spriggan Monk)                Turns: 2929, Time: 00:04:03

Health: 0/24       AC:  2    Str:  8    XL:     4   Next: 3%
Magic:  5/5        EV: 21    Int: 11    God:
Gold:   121        SH:  0    Dex: 18    Spells: 3/3 levels left

rFire    . . .     SeeInvis +     - Unarmed
rCold    . . .     Gourm    .   (shield restricted)
rNeg     . . .     Faith    .   a - +0 robe
rPois    .         Spirit   .   (helmet restricted)
rElec    .         Reflect  .   (no cloak)
rCorr    .         Harm     .   (gloves unavailable)
MR       .....                  (boots unavailable)
Stlth    ++........             (no amulet)
HPRegen  0.08/turn              (no ring)
MPRegen  0.09/turn              (no ring)

@: very quick
A: unfitting armour, see invisible, herbivore 3, speed 3, slow metabolism 2
a: no special abilities


You were on level 2 of the Dungeon.
You were not hungry.

You visited 1 branch of the dungeon, and saw 3 of its levels.

You collected 121 gold pieces.

Inventory:

Missiles
 d - 76 stones (quivered)
 e - 9 poisoned needles
 h - 29 bolts
 i - 13 arrows
 m - 2 tomahawks
Armour
 a - a +0 robe (worn)
Jewellery
 j - an uncursed ring of ice
 l - an uncursed ring of protection from cold {unknown}
Wands
 k - a wand of iceblast (12/15)
Potions
 g - a potion of heal wounds
Comestibles
 b - 2 bread rations
 c - 2 fruits
 f - a royal jelly


   Skills:
 * Level 3.1 Fighting
 * Level 5.2 Dodging
 - Level 3.0 Stealth
 * Level 3.1 Unarmed Combat


You had 3 spell levels left.
You didn't know any spells.

Dungeon Overview and Level Annotations

Branches:
Dungeon (3/15)

Altars:
Elyvilon

Annotations:
D:2 Sigmund


Innate Abilities, Weirdness & Mutations

You are very small and have problems with some larger weapons.
You are too small for most types of armour.
You have supernaturally acute eyesight. (SInv)
You are a herbivore.
You cover ground extremely quickly.
You need consume almost no food.


Message History

The gnoll hits you!
You barely miss the gnoll.
The gnoll is severely wounded.
The gnoll completely misses you.
You hit the gnoll.
You kill the gnoll!
You have reached level 4!
You hit the gnoll.
The gnoll is moderately wounded.
The gnoll closely misses you. The gnoll completely misses you.
You barely miss the gnoll.
The gnoll is moderately wounded.
The gnoll completely misses you. The gnoll barely misses you.
You hit the gnoll.
The gnoll is heavily wounded.
The gnoll hits you with a whip.
The gnoll hits you from afar with a spear of flaming!
* * * LOW HITPOINT WARNING * * *
The gnoll burns you.
You die...

##.###.# #.# #.#
....#.#####.######.#
#...............##.#
#.$...#####........#
#.....# #..##.##.#
#.....# #........#
###g### ##.##.##.# #g#
#.##.##.# ##@##
#.##.##.# ##...##
#.##.##.# ##.....##
#.......# ##.......##
#......##
#.........####....#.##
+.........+.....#.....
#.........####.###..##
##.......## #.## ##.#
##.....## ##.###..#


You could see 2 gnolls.

Vanquished Creatures
  A gnoll (D:2)
  An adder (D:2)
  A worm (D:3)
  4 leopard geckos
  An orc (D:3)
  A giant cockroach (D:1)
  5 goblins
  5 hobgoblins
  3 jackals (D:1)
  A bat (D:2)
  4 frilled lizards
  6 kobolds
  8 rats
41 creatures vanquished.

Notes
Turn   | Place    | Note
-------+----------+-------------------------------------------
     0 | D:1      | Chiseanne the Spriggan Monk began the quest for the Orb.
     0 | D:1      | Reached XP level 1. HP: 11/11 MP: 2/2
   471 | D:1      | Reached XP level 2. HP: 16/16 MP: 3/3
  1049 | D:2      | Noticed Sigmund
  1242 | D:2      | Reached XP level 3. HP: 15/19 MP: 4/4
  1330 | D:2      | Reached skill level 5 in Dodging
  2596 | D:3      | Found a white marble altar of Elyvilon.
  2926 | D:2      | Reached XP level 4. HP: 15/24 MP: 5/5
  2929 | D:2      | Slain by a gnoll

Vault maps used:
D:1:      minmay_arrival_split_and_join, minivault_14
D:2:      minmay_misc_feat_room, minmay_pentomino_q2, uniq_sigmund
D:3:      elyvilon_altar_1, uniq_natasha

Skill      XL: |  1  2  3 |
---------------+----------+-----
Dodging        | 5 |  5.2
Fighting       | 3 |  3.1
Unarmed Combat | 3 |  3.1
Stealth        | |  3.0

Action                   |  1- 3 |  4- 6 || total
-------------------------+-------+-------++-------
Melee: Unarmed           |   232 |     3 ||   235
       Punch             |     2 |       ||     2
  Use: Scroll            |     2 |       ||     2
       Potion            |     1 |       ||     1
 Stab: Sleeping          |     9 |       ||     9
       Distracted        |     2 |       ||     2
Armor: Robe              |     8 |       ||     8
Dodge: Dodged            |   184 |     4 ||   188

Table legend:
 A = Spawn XP
 B = Non-spawn XP
 C = Spawn XP percentage of total XP
 D = Spawn monster count
 E = Non-spawn monster count
 F = Spawn count percentage of total count
 G = Total turns spent on level
                    A         B        C        D         E        F      G
               +---------+---------+-------+---------+---------+-------+---------
         Total |       9 |      91 |   9.0 |       6 |      35 |  14.6 |  2929
               +---------+---------+-------+---------+---------+-------+---------
           D:1 |       6 |      25 |  19.4 |       4 |      15 |  21.1 |  1431
           D:2 |       0 |      44 |   0.0 |       0 |      11 |   0.0 |   585
           D:3 |       3 |      22 |  12.0 |       2 |       9 |  18.2 |   913
               +---------+---------+-------+---------+---------+-------+---------
